 Dungeon Crawl Stone Soup version 0.29-a0-231-g945431f764 (webtiles) character file.

Game seed: 18162354265793240623

6085 fragbeetle the Destroyer (level 10, 0/72 (77) HPs)
             Began as a Gnoll Conjurer on Mar 1, 2022.
             Was a Believer of Ashenzari.
             Slain by an acid dragon (3 damage)
             ... on level 9 of the Dungeon.
             The game lasted 00:34:44 (12615 turns).

fragbeetle the Destroyer (Gnoll Conjurer)          Turns: 12615, Time: 00:34:45

HP:   0/72 (77)     AC:  2    Str: 10    XL:     10   Next: 88%
MP:   22/22         EV: 10    Int: 19    God:    Ashenzari [**....]
Gold: 590           SH:  5    Dex: 10    Spells: 7/26 levels left

rFire   + . .      SeeInvis +   N - +4 morningstar (freeze)
rCold   . . .      Faith    .   K - +0 buckler
rNeg    . . .      Spirit   .   I - +1 scale mail of the Enigmatic Yoke {rPois, Evo, Alch} (curse)
rPois   +          Reflect  .   Q - +0 helmet of the Profound Disgust {Range, Fort} (curse)
rElec   .          Harm     .   (no cloak)
rCorr   .          Rampage  .   (no gloves)
Will    .....                   (no boots)
Stlth   ++........              C - amulet of Ashenzari's Bitterness {RegenMP, Self, Fort} (curse)
HPRegen 0.22/turn               k - ring "Blue Moon of the Cosmos" {rF+, Evo, Fort} (curse)
MPRegen 0.58/turn               (no ring)

@: corroded, drained
A: fangs 1, strong nose, distributed training
a: Renounce Religion, Shatter the Chains


You were on level 9 of the Dungeon.
You worshipped Ashenzari.
Ashenzari was pleased with you.
You visited 2 branches of the dungeon, and saw 10 of its levels.
You also visited: Ossuary.

You collected 590 gold pieces.

Inventory:

Hand Weapons
 j - a +2 short sword of speed
 o - a +3 short sword
 M - a +4 flail
 N - a +4 morningstar of freezing (weapon)
 O - a +2 vorpal spear
 S - a +5 falchion
Missiles
 q - 10 boomerangs
 L - a throwing net
Armour
 b - a +0 kite shield
 i - the +0 chain mail of Nihilism {rElec Int+2}
   (You found it on level 6 of the Dungeon)

   Int:       It affects your intelligence (+2).
   rElec:     It insulates you from electricity.
 E - a +0 ring mail of cold resistance
 F - a +2 robe of willpower
 I - the cursed +1 scale mail of the Enigmatic Yoke (worn) {rPois, Evo, Alch}
   (You took it off Edmund on level 6 of the Dungeon)

   It has a curse which improves the following skills: Evocations: Evocations.
   Alchemy:   Poison Magic and Transmutations.
 K - a +0 buckler (worn)
 P - the +3 leather armour of the Burning Gods {rC+ rN+}
   (You found it on level 8 of the Dungeon)

   rC:        It protects you from cold.
   rN:        It protects you from negative energy.
 Q - the cursed +0 helmet of the Profound Disgust (worn) {Range, Fort}
   (You found it on level 8 of the Dungeon)

   It has a curse which improves the following skills: Ranged Combat: Slings,
   Bows, Crossbows and Throwing.
   Fortitude: Armour and Shields.
 R - a +0 troll leather armour
Magical Staves
 D - a staff of poison
Jewellery
 k - the cursed ring "Blue Moon of the Cosmos" (left hand) {rF+, Evo, Fort}
   (You took it off a kobold on level 7 of the Dungeon)

   [ring of protection from fire]

   rF:        It protects you from fire.
   It has a curse which improves the following skills: Evocations: Evocations.
   Fortitude: Armour and Shields.
 C - the cursed amulet of Ashenzari's Bitterness (around neck) {RegenMP, Self, Fort}
   (You found it on level 5 of the Dungeon)

   [amulet of magic regeneration]

   It increases your rate of magic regeneration.
   It has a curse which improves the following skills: Introspection: Fighting
   and Spellcasting.
   Fortitude: Armour and Shields.
 T - a +4 ring of evasion
Wands
 p - a wand of charming (17)
 t - a wand of acid (2)
 w - a wand of flame (41)
 A - a wand of iceblast (13)
 J - a wand of mindburst (5)
Scrolls
 c - 3 scrolls of immolation
 d - 3 scrolls of teleportation
 e - a scroll of fear
 h - 5 scrolls of fog
 n - 2 scrolls of summoning
 s - 3 scrolls of vulnerability
 v - 2 scrolls of enchant armour
 x - 3 scrolls of enchant weapon
 y - 2 scrolls of silence
Potions
 a - 4 potions of attraction
 f - 2 potions of invisibility
 g - a potion of heal wounds
 l - a potion of berserk rage
 m - 3 potions of curing
 r - 2 potions of mutation
 u - 2 potions of resistance
 B - 2 potions of flight
 G - a potion of might
 H - a potion of ambrosia
Miscellaneous
 z - a piece from Xom's chessboard (15/15)


   Skills:
 + Level 5.7(6.9) Fighting
 + Level 5.7 Short Blades
 + Level 5.7 Long Blades
 + Level 5.7 Axes
 + Level 5.7 Maces & Flails
 + Level 5.7 Polearms
 + Level 5.7 Staves
 + Level 5.7(6.9) Slings
 + Level 5.7(6.9) Bows
 + Level 5.7(6.9) Crossbows
 + Level 5.7(6.9) Throwing
 + Level 5.7(8.2) Armour
 + Level 7.4 Dodging
 + Level 7.1 Stealth
 + Level 5.7(8.2) Shields
 + Level 5.7 Unarmed Combat
 + Level 7.6(8.9) Spellcasting
 + Level 8.6 Conjurations
 + Level 4.7 Hexes
 + Level 4.7 Summonings
 + Level 4.7 Necromancy
 + Level 4.7 Translocations
 + Level 4.7(5.9) Transmutations
 + Level 4.7 Fire Magic
 + Level 4.7 Ice Magic
 + Level 4.7 Air Magic
 + Level 4.7 Earth Magic
 + Level 4.7(5.9) Poison Magic
 + Level 6.2 Invocations
 + Level 5.7(7.6) Evocations


You had 7 spell levels left.
You knew the following spells:

 Your Spells              Type           Power      Damage    Failure   Level
a - Magic Dart            Conj           100%       1d8       1%          1
b - Searing Ray           Conj           82%        2d7       2%          2
c - Ozocubu's Armour      Ice            26%        N/A       22%         3
d - Fulminant Prism       Conj/Hex       16%        3d11      32%         4
e - Iskenderun's Mystic   Conj/Tloc      33%        2d8       32%         4
f - Wereblood             Tmut           31%        N/A       7%          2
g - Inner Flame           Hex/Fire       26%        N/A       22%         3

Your spell library contained the following spells:

 Spells                   Type           Power      Damage    Failure   Level
 Dazzling Flash           Conj/Hex       66%        N/A       10%         3
 Sublimation of Blood     Necr           26%        N/A       12%         2
 Petrify                  Tmut/Erth      28%        N/A       52%         4
 Cause Fear               Hex            13%        N/A       58%         4
 Irradiate                Conj/Tmut      18%        3d19      58%         5
 Ozocubu's Refrigeration  Ice            13%        4d7       100%        7
 Summon Hydra             Summ           13%        N/A       100%        7
 Discord                  Hex            13%        N/A       100%        8


Dungeon Overview and Level Annotations

Branches:
Dungeon (9/15)             Temple (1/1) D:7            Lair (0/6) D:9
Ossuary (visited)
    Orc: D:9-12

Altars:
Ashenzari
Cheibriados
Dithmenos
Elyvilon
Fedhas
Gozag
Hepliaklqana
Kikubaaqudgha
Makhleb
Nemelex Xobeh
Okawaru
Qazlal
Ru
Sif Muna
Trog
Uskayaw
Vehumet
Wu Jian
Xom
Yredelemnul
Zin
The Shining One


Innate Abilities, Weirdness & Mutations

You have very sharp teeth.
Your uncanny sense of smell can sniff out nearby items.
Your experience applies equally to all skills.


Message History

The acid dragon is severely wounded.
A kobold comes into view. It is wielding a +0 short sword.
The acid dragon bites you but does no damage.
The acid dragon claws you but does no damage.
The kobold shouts!
You hit the acid dragon but do no damage.
Your bite misses the acid dragon.
The acid dragon is severely wounded.
The wight hits you from afar with a +4 spear.
You feel drained. The acid dragon spits acid at you.
The splash of acid hits you! The acid corrodes you!
The wight hits you from afar with a +4 spear!
You feel drained.
You hit the acid dragon. You freeze the acid dragon.
The acid dragon is almost dead.
The acid dragon closely misses you. x2
The wight hits you from afar with a +4 spear!
* * * LOW HITPOINT WARNING * * *
You barely miss the acid dragon.
The acid dragon is almost dead.
The acid dragon bites you!
* * * LOW HITPOINT WARNING * * *
The acid dragon claws you.
* * * LOW HITPOINT WARNING * * *
The wight barely misses you. The acid dragon bites you.
* * * LOW HITPOINT WARNING * * *
The acid dragon claws you but does no damage.
You feel much better. You block the wight's attack.
The acid dragon spits acid at you. The splash of acid hits you!!
* * * LOW HITPOINT WARNING * * *
Unknown command.
You hit the acid dragon but do no damage.
The acid dragon is almost dead.
The wight hits you from afar with a +4 spear.
* * * LOW HITPOINT WARNING * * *
You feel drained. You block the acid dragon's attack.
The acid dragon claws you.
You die...

............≈≈≈≈≈≈≈≈≈≈≈≈≈≈≈...
..............≈≈..≈≈≈≈≈≈..≈...
*
####.........≈...)..≈..≈..≈...
#................≈.........
#......######..............
#......######...[.... ,
#....................
..............Kz......
,.............@D....... , ,
...................... , ,
...................... ,
..#######.....###'#### * * ..*
#.....# ,... , #.....# ,..# *
#.....#,,, .# , #.....# ##
#######


You could see an acid dragon (catching breath), a wight and a kobold.

Vanquished Creatures
  A two-headed ogre (D:8)
  Pikel (D:5)
  A kobold demonologist (D:7)
  A troll (D:9)
  A wraith (D:7)
  A vampire mosquito (D:7)
  Menkaure (Ossuary)
  An acid dragon (D:9)
  Edmund (D:6)
  2 water moccasins
  4 orc warriors
  A black bear (D:8)
  A sky beast (D:7)
  2 ogres
  2 phantoms (D:6)
  3 centaurs
  2 wolves (D:9)
  2 lemures (D:5)
  2 kobold brigands
  2 gnoll sergeants
  2 necrophages
  2 scorpions
  9 wights
  4 howler monkeys
  An electric eel (D:9)
  6 orc priests
  2 gnoll shamans (D:7)
  A jelly (D:4)
  8 hounds
  11 orc wizards
  Natasha (thrice) (D:3)
  3 iguanas
  3 mummies (Ossuary)
  6 adders
  10 gnolls
  A white imp (D:7)
  3 ufetubi
  3 worms
  3 dart slugs
  46 orcs
  4 bats
  4 endoplasms
  A gnoll zombie (Ossuary)
  5 goblins
  8 hobgoblins
  14 kobolds
  A quokka (D:2)
  13 ball pythons
  4 frilled lizards
  6 gnoll skeletons (Ossuary)
  3 goblin skeletons (Ossuary)
  4 goblin zombies (Ossuary)
  6 hobgoblin skeletons (Ossuary)
  4 hobgoblin zombies (Ossuary)
  2 kobold skeletons (Ossuary)
  3 kobold zombies (Ossuary)
  5 orc skeletons (Ossuary)
  6 orc zombies (Ossuary)
  9 rats
  3 rat skeletons (Ossuary)
  7 rat zombies (Ossuary)
  A bush (D:7)
  2 butterflies (D:4)
274 creatures vanquished.

Vanquished Creatures (others)
  19 fulminant prisms
19 creatures vanquished.

Grand Total: 293 creatures vanquished

Notes
Turn   | Place    | Note
-------+----------+-------------------------------------------
     0 | D:1      | fragbeetle the Gnoll Conjurer began the quest for the Orb.
     0 | D:1      | Reached XP level 1. HP: 13/13 MP: 6/6
   163 | D:1      | Reached XP level 2. HP: 19/19 MP: 5/7
   372 | D:1      | Found a faded altar of an unknown god.
   474 | D:1      | Learned a level 2 spell: Searing Ray
   850 | D:1      | Reached XP level 3. HP: 25/25 MP: 7/9
  1009 | D:1      | Reached skill level 5 in Spellcasting
  1297 | D:2      | Identified the +1 leather armour of Fashionability {Str+4}
  1348 | D:2      | Reached skill level 1 in Invocations
  1548 | D:2      | Reached skill level 1 in Fighting
  1548 | D:2      | Reached skill level 1 in Short Blades
  1548 | D:2      | Reached skill level 1 in Long Blades
  1548 | D:2      | Reached skill level 1 in Axes
  1548 | D:2      | Reached skill level 1 in Maces & Flails
  1548 | D:2      | Reached skill level 1 in Polearms
  1548 | D:2      | Reached skill level 1 in Staves
  1548 | D:2      | Reached skill level 1 in Slings
  1548 | D:2      | Reached skill level 1 in Bows
  1548 | D:2      | Reached skill level 1 in Crossbows
  1548 | D:2      | Reached skill level 1 in Throwing
  1548 | D:2      | Reached skill level 1 in Armour
  1548 | D:2      | Reached skill level 1 in Shields
  1548 | D:2      | Reached skill level 1 in Unarmed Combat
  1548 | D:2      | Reached skill level 1 in Evocations
  1709 | D:2      | Reached XP level 4. HP: 32/32 MP: 6/11
  2154 | D:3      | Reached skill level 1 in Hexes
  2154 | D:3      | Reached skill level 1 in Summonings
  2154 | D:3      | Reached skill level 1 in Necromancy
  2154 | D:3      | Reached skill level 1 in Translocations
  2154 | D:3      | Reached skill level 1 in Transmutations
  2154 | D:3      | Reached skill level 1 in Fire Magic
  2154 | D:3      | Reached skill level 1 in Ice Magic
  2154 | D:3      | Reached skill level 1 in Air Magic
  2154 | D:3      | Reached skill level 1 in Earth Magic
  2154 | D:3      | Reached skill level 1 in Poison Magic
  2712 | D:3      | Reached XP level 5. HP: 37/37 MP: 8/12
  2789 | D:3      | Noticed Natasha
  2793 | D:3      | Killed Natasha
  2896 | D:3      | Noticed Natasha
  2901 | D:3      | Killed Natasha
  2910 | D:3      | Noticed Natasha
  2921 | D:3      | Killed Natasha
  2922 | D:3      | Reached XP level 6. HP: 25/44 MP: 3/13
  3406 | D:3      | Learned a level 3 spell: Ozocubu's Armour
  3623 | D:4      | Found a white marble altar of Elyvilon.
  3623 | D:4      | Found a blossoming altar of Fedhas.
  3623 | D:4      | Found a broken altar of Ashenzari.
  3630 | D:4      | Became a worshipper of Ashenzari the Shackled
  3647 | D:4      | Found a shimmering altar of Xom.
  3854 | D:4      | Reached skill level 5 in Dodging
  3859 | D:4      | Learned a level 4 spell: Fulminant Prism
  4594 | D:5      | Entered Level 5 of the Dungeon
  4706 | D:5      | Reached XP level 7. HP: 26/50 MP: 9/15
  5365 | D:5      | Reached skill level 5 in Stealth
  5659 | D:5      | Noticed Pikel
  5820 | D:5      | Killed Pikel
  5821 | D:5      | Reached XP level 8. HP: 35/58 MP: 10/17
  6377 | D:5      | Reached * piety under Ashenzari
  6578 | D:6      | Noticed Edmund
  6674 | D:6      | Found a sand-covered staircase.
  6685 | D:6      | Identified the +0 chain mail of Nihilism {rElec Int+2}
  6700 | Ossuary  | Entered an ossuary
  7032 | Ossuary  | Noticed Menkaure
  7038 | Ossuary  | Killed Menkaure
  7209 | D:6      | Learned a level 4 spell: Iskenderun's Mystic Blast
  7255 | D:6      | Reached XP level 9. HP: 66/66 MP: 16/19
  7300 | D:6      | Killed Edmund
  8349 | D:7      | Found a staircase to the Ecumenical Temple.
  8366 | D:7      | Reached skill level 8 in Conjurations
  8402 | Temple   | Entered the Ecumenical Temple
  8998 | D:7      | Reached skill level 5 in Invocations
  9337 | D:7      | Learned a level 2 spell: Wereblood
  9741 | D:7      | Reached XP level 10. HP: 25/76 MP: 16/21
 10003 | D:7      | Noticed a kobold demonologist
 10011 | D:7      | Noticed a rust devil
 10012 | D:7      | Noticed a sun demon
 10013 | D:7      | Killed a kobold demonologist
 10014 | D:7      | Reached skill level 5 in Fighting
 10014 | D:7      | Reached skill level 5 in Short Blades
 10014 | D:7      | Reached skill level 5 in Long Blades
 10014 | D:7      | Reached skill level 5 in Axes
 10014 | D:7      | Reached skill level 5 in Maces & Flails
 10014 | D:7      | Reached skill level 5 in Polearms
 10014 | D:7      | Reached skill level 5 in Staves
 10014 | D:7      | Reached skill level 5 in Slings
 10014 | D:7      | Reached skill level 5 in Bows
 10014 | D:7      | Reached skill level 5 in Crossbows
 10014 | D:7      | Reached skill level 5 in Throwing
 10014 | D:7      | Reached skill level 5 in Armour
 10014 | D:7      | Reached skill level 5 in Shields
 10014 | D:7      | Reached skill level 5 in Unarmed Combat
 10014 | D:7      | Reached skill level 5 in Evocations
 10017 | D:7      | Noticed a boulder beetle
 10020 | D:7      | Noticed a deep elf pyromancer
 10753 | D:8      | Noticed a two-headed ogre
 10758 | D:8      | Killed a two-headed ogre
 11460 | D:8      | Learned a level 3 spell: Inner Flame
 11516 | D:8      | Identified the +3 leather armour of the Burning Gods {rC+
                  | rN+}
 11614 | D:8      | Reached ** piety under Ashenzari
 12042 | D:9      | Found a staircase to the Lair.
 12613 | D:9      | HP: 3/74 [acid dragon (6)]
 12615 | D:9      | Slain by an acid dragon

Illustrated notes

Levels and vault maps discovered:
D:1:      minmay_arrival_stair_chambers, layout_basic,
          shapermc_ecumenical_altar_flowoftime, chequers_serial_rivers_large_a
D:2:      layout_basic
D:3:      layout_basic, uniq_natasha
D:4:      layout_basic, gammafunk_temple_overflow_claw, xom_butterflies,
          st_stairs_1, minmay_misc_feat_diagonals
D:5:      layout_basic, serial_rivers, chequers_serial_rivers_room_b,
          chequers_serial_rivers_micro_d, chequers_serial_rivers_small_a,
          chequers_serial_rivers_room_a, chequers_serial_rivers_small_a,
          uniq_pikel
D:6:      layout_gridville, enter_ossuary_3, uniq_edmund
D:7:      layout_cave_pools, minmay_temple_entry_offerings,
          kb_lookout_dungeons_type, minmay_the_grid_2x2
          [minmay_the_grid_spin_star, minmay_the_grid_fan,
          minmay_the_grid_tiny_cups,
          minmay_the_grid_prize_four_corners_diamond_b]
D:8:      layout_loops_ring, kennysheep_windowed_goal
D:9:      kennysheep_steamy, layout_gridville, erik_lair_island,
          hangedman_abyss_or_decor_stabs
Temple:   mainiacjoe_temple_coin_purse

Skill      XL: |  1  2  3  4  5  6  7  8  9 10 |
---------------+-------------------------------+-----
Spellcasting   | 5 6 7 |  7.6
Invocations    | 1 2 3 4 5 6 |  6.2
Fighting       | 1 2 3 4 5 |  5.7
Short Blades   | 1 2 3 4 5 |  5.7
Long Blades    | 1 2 3 4 5 |  5.7
Axes           | 1 2 3 4 5 |  5.7
Maces & Flails | 1 2 3 4 5 |  5.7
Polearms       | 1 2 3 4 5 |  5.7
Staves         | 1 2 3 4 5 |  5.7
Slings         | 1 2 3 4 5 |  5.7
Bows           | 1 2 3 4 5 |  5.7
Crossbows      | 1 2 3 4 5 |  5.7
Throwing       | 1 2 3 4 5 |  5.7
Armour         | 1 2 3 4 5 |  5.7
Shields        | 1 2 3 4 5 |  5.7
Unarmed Combat | 1 2 3 4 5 |  5.7
Evocations     | 1 2 3 4 5 |  5.7
Hexes          | 1 2 3 4 |  4.7
Summonings     | 1 2 3 4 |  4.7
Necromancy     | 1 2 3 4 |  4.7
Translocations | 1 2 3 4 |  4.7
Transmutations | 1 2 3 4 |  4.7
Fire Magic     | 1 2 3 4 |  4.7
Ice Magic      | 1 2 3 4 |  4.7
Air Magic      | 1 2 3 4 |  4.7
Earth Magic    | 1 2 3 4 |  4.7
Poison Magic   | 1 2 3 4 |  4.7
Dodging        | 5 6 7 |  7.4
Stealth        | 5 6 7 |  7.1
Conjurations   | 8 |  8.6

Action                   |  1- 3 |  4- 6 |  7- 9 | 10-12 || total
-------------------------+-------+-------+-------+-------++-------
Melee: Short sword       |     4 |    44 |   215 |       ||   263
       Bite              |       |     4 |    23 |     6 ||    33
       Punch             |       |       |    10 |     1 ||    11
       Flail             |       |       |    14 |       ||    14
       Morningstar       |       |       |     2 |    57 ||    59
 Cast: Magic Dart        |    57 |    77 |    19 |    24 ||   177
       Searing Ray       |     2 |    12 |    47 |    28 ||    89
       Fulminant Prism   |       |       |    18 |     1 ||    19
       Ozocubu's Armour  |       |       |     2 |       ||     2
       Inner Flame       |       |       |       |     2 ||     2
Invok: Curse Item        |       |       |     3 |     2 ||     5
       Shatter the Chain |       |       |     1 |       ||     1
Evoke: Wand              |       |       |     1 |     7 ||     8
  Use: Potion            |       |       |     1 |     1 ||     2
       Scroll            |       |       |       |     1 ||     1
 Stab: Sleeping          |       |     1 |     4 |       ||     5
Armor: Leather armour    |     4 |     7 |    18 |       ||    29
       Scale mail        |       |       |    45 |    44 ||    89
Dodge: Dodged            |     9 |    22 |   121 |    62 ||   214
Block: Buckler           |       |       |       |    23 ||    23

Table legend: (Time is in decaauts)
 A = Elapsed time spent in this place.
 B = Non-inter-level travel time spent in this place.
 C = Inter-level travel time spent in this place.
 D = Time resting spent in this place.
 E = Time spent auto-exploring this place.
 F = Levels seen in this place.
 G = Mean time per level.
                   A        B        C        D        E       F      G
               +--------+--------+--------+--------+--------+-----+--------+
         Total |  12587 |  12203 |    384 |   2570 |   7290 |  11 | 1144.3 |
       Dungeon |  12081 |  11710 |    371 |   2505 |   7206 |   9 | 1342.3 |
        Temple |    111 |     98 |     13 |      0 |     84 |   1 |  111.0 |
       Ossuary |    394 |    394 |      0 |     65 |      0 |   1 |  394.0 |
               +--------+--------+--------+--------+--------+-----+--------+

Top non-repeatable levels by time:
     D:5: 1996 daAuts
     D:7: 1885 daAuts
     D:6: 1633 daAuts
     D:8: 1343 daAuts
     D:3: 1307 daAuts
     D:1: 1212 daAuts
     D:4: 1142 daAuts
     D:2: 944 daAuts
     D:9: 615 daAuts
 Ossuary: 394 daAuts
  Temple: 111 daAuts
